 Dungeon Crawl Stone Soup version 0.31.0-11-ge490571c62 (webtiles) character file.

Game seed: 542559262246241595

32 qw the Shooter (level 3, -1/20 HPs)
             Began as a Deep Elf Hunter on Feb 4, 2024.
             Slain by a gnoll
             ... wielding a +0 halberd
              (3 damage)
             ... on level 2 of the Dungeon.
             The game lasted 00:00:23 (978 turns).

qw the Shooter (Deep Elf Hunter)                     Turns: 978, Time: 00:00:24

Health: -1/20      AC:  5    Str: 10    XL:     3   Next: 10%
Magic:  5/5        EV: 11    Int: 13    God:
Gold:   110        SH:  0    Dex: 18    Spells: 2/2 levels left

rFire   . . .        a - +0 shortbow
rCold   . . .        (shield currently unavailable)
rNeg    . . .        h - +0 ring mail
rPois   .            (no helmet)
rElec   .            (no cloak)
rCorr   .            (no gloves)
SInv    .            (no boots)
Will    .....        (no amulet)
Stlth   +            (no ring)
HPRegen 0.23/turn    (no ring)
MPRegen 0.09/turn

%: no passive effects
@: lethally poisoned (-1 -> -2)
A: no striking features
a: no special abilities


You were on level 2 of the Dungeon.
You visited 1 branch of the dungeon, and saw 2 of its levels.

You collected 110 gold pieces.


   Skills:
 - Level 1.5 Fighting
 + Level 6.7 Ranged Weapons
 - Level 2.4 Dodging
 - Level 1.2 Stealth


You had 2 spell levels left.
You didn't know any spells.
Your spell library was empty.

Inventory:

Hand Weapons
 a - a +0 shortbow (weapon)
Armour
 h - a +0 ring mail (worn)
Jewellery
 i - a ring of ice
Scrolls
 b - a scroll of enchant weapon {unknown}
 c - a scroll of identify
Potions
 g - a potion of resistance {unknown}

Dungeon Overview and Level Annotations

Branches:
Dungeon (2/15)

Altars:


Message History

A gnoll, a goblin and an adder come into view.
The adder hisses angrily.
You hear a shout!
The goblin moves out of view.
You shoot an arrow. The arrow misses the adder.
The gnoll shouts!
A rat comes into view.
A dart slug comes into view.
You shoot an arrow. The arrow misses the adder.
A goblin comes into view. It is wielding a +0 club.
972 ||| RETREEEEATING.
The adder misses you.
You shoot an arrow. The arrow misses the adder.
The adder bites you.
You shoot an arrow. The arrow barely misses the adder.
The arrow hits the gnoll!
The gnoll is heavily wounded.
The adder bites you but does no damage. The gnoll closely misses you.
The adder barely misses you.
You shoot an arrow. The arrow hits the adder!
The adder is almost dead.
The adder bites you but does no damage. The gnoll misses you.
The adder barely misses you.
You shoot an arrow. The arrow closely misses the adder.
The arrow completely misses the gnoll.
The arrow hits the dart slug!
The dart slug is almost dead.
The gnoll closely misses you. The adder bites you.
You are poisoned.
The adder poisons you!
The gnoll hits you from afar with a +0 halberd.
You shoot an arrow. The arrow hits the adder.
You kill the adder!
You feel sick.
The gnoll hits you from afar with a +0 halberd.
You have reached level 3!
Your experience leads to an increase in your attributes!
Increase (S)trength, (I)ntelligence, or (D)exterity?
You feel stronger. x2
You shoot an arrow. The arrow hits the rat.
You kill the rat!
You feel sick.
The gnoll hits you from afar with a +0 halberd.
You die...

.. .#. .g# .. .. .. r. #.
#. #.# ##### #.
#.####...#
...###.#####........#
#...?gw@......##...#####
##.#..........##...##...
.......#......##....#.#.
.....?..#......##......#.
........#......#######...
..#%#.###............#.#.
. #.#. #....#.#####.#.##
# #. #....#.# #..
##.###.# ####


You could see a gnoll and a dart slug.

Vanquished Creatures
  An adder (D:2)
  3 ball pythons
  2 giant cockroaches (D:1)
  4 hobgoblins
  2 kobolds (D:1)
  4 bats
  4 frilled lizards
  A goblin (D:1)
  4 rats
25 creatures vanquished.

Notes
Turn   | Place    | Note
-------+----------+-------------------------------------------
     0 | D:1      | qw the Deep Elf Hunter began the quest for the Orb.
     0 | D:1      | Reached XP level 1. HP: 12/12 MP: 3/3
     0 | D:1      | 0 ||| qw: Version: 0.3-a-160-g6735b56
     0 | D:1      | 0 ||| qw: Game counter: 6021
     0 | D:1      | 0 ||| qw: Melee chars always use a shield: true
     0 | D:1      | 0 ||| qw: God list: Okawaru
     0 | D:1      | 0 ||| qw: Allow faded altars: false
     0 | D:1      | 0 ||| qw: Do Orc after clearing Dungeon:15 true
     0 | D:1      | 0 ||| qw: Do second Lair branch before Depths: true
     0 | D:1      | 0 ||| qw: Lair rune preference: random
     0 | D:1      | 0 ||| qw: Goals: Normal
     0 | D:1      | 0 ||| PLANNING D:1-11
   351 | D:1      | Reached XP level 2. HP: 16/16 MP: 4/4
   372 | D:1      | Reached skill level 6 in Ranged Weapons
   873 | D:1      | 873 ||| UPGRADING to +0 ring mail.
   883 | D:1      | 883 ||| DROPPING +0 leather armour.
   884 | D:1      | 884 ||| READING scroll labelled LYCKEU DIUWN.
   884 | D:1      | 884 ||| IDENTIFYING viscous ruby potion
   885 | D:1      | 885 ||| READING scroll labelled ILUREDWUPUEPH.
   886 | D:1      | 886 ||| DROPPING scroll of butterflies.
   887 | D:1      | 887 ||| DROPPING potion of magic.
   972 | D:2      | 972 ||| RETREEEEATING.
   977 | D:2      | HP: 2/16 [gnoll/+0 halberd (5)]
   978 | D:2      | Reached XP level 3. HP: 2/20 MP: 5/5
   978 | D:2      | Slain by a gnoll

Levels and vault maps discovered:
D:1:      sevenhm_arrival_forest_fort_small_4, layout_basic,
          minmay_strange_pillars
D:2:      layout_basic, minmay_bisected, uniq_crazy_yiuf_cottage, uniq_terence,
          uniq_robin

Skill      XL: |  1  2 |
---------------+-------+-----
Ranged Weapons | 6 |  6.7
Fighting       | |  1.5
Dodging        | |  2.4
Stealth        | |  1.2

Action                     || total
---------------------------++-------
   Fire: Shortbow          ||    54
    Use: Scroll            ||     2
 Armour: Leather armour    ||     6
         Ring mail         ||     7
  Dodge: Dodged            ||    11

Table legend:
 A = Non-vault XP
 B = Vault XP
 C = Vault XP percentage of total XP
 D = Non-vault monster count
 E = Vault monster count
 F = Vault count percentage of total count
                 A         B        C        D         E       F
            +---------+---------+-------+---------+---------+-------
      Total |      48 |       0 |   0.0 |      25 |       0 |   0.0
            +---------+---------+-------+---------+---------+-------
        D:1 |      26 |       0 |   0.0 |      17 |       0 |   0.0
        D:2 |      22 |       0 |   0.0 |       8 |       0 |   0.0
            +---------+---------+-------+---------+---------+-------
